AoeStats
← tlusty_melman

Fortress

509667809Analyzed
3v3 RM · 4d ago on Sep 27, 2026· 35m 56s· 6 players
Game mode
Random Map
Map size
Large (8 player)
Population
200
Speed
Normal
Resources
Standard
Victory
Conquest
Starting age
Dark Age
Ending age
Imperial Age
RankedLock teamsTeams togetherTeam positionsShared explorationLock speedFull tech treeHidden civsTurbo modeCheats
Victory
Defeat
🇨🇦 Saxons · Canada
1063
+13
🇦🇷 Ethiopians · Argentina
1003
+16
🇸🇰 Lithuanians · Slovakia
840
+22
🇹🇷 Wei · Türkiye
1017
-18
🇨🇳 Mongols · China
1003
-18
🇹🇼 Danes · Taiwan
949
-15
SASHIME
7:33 Feudal Age
özgür_44_34
4:58 Loom
6:47 Feudal Age
7:55 Horse Collar
8:02 Double-Bit Axe
14:18 Castle Age
13:14 Gold Mining
15:09 Bow Saw
15:31 Heavy Plow
19:32 Wheelbarrow
28:43 Imperial Age
26:30 Hand Cart
27:25 Light Cavalry
28:15 Bloodlines
28:43 Tuntian
29:14 Elite Skirmisher
29:46 Hussar
30:40 Scale Barding Armor
32:12 Pikeman
32:52 Squires
33:09 Halberdier
未见将见
7:50 Feudal Age
Def
6:10 Feudal Age
tlusty_melman
7:14 Loom
8:59 Feudal Age
10:14 Horse Collar
10:53 Double-Bit Axe
13:21 Castle Age
14:32 Bow Saw
14:26 Heavy Plow
14:20 Gold Mining
15:45 Stone Mining
20:43 Stone Shaft Mining
27:06 Imperial Age
25:14 Scale Mail Armor
25:25 Forging
25:05 Fletching
25:16 Padded Archer Armor
25:21 Scale Barding Armor
26:57 Wheelbarrow
26:23 Pikeman
27:04 Squires
26:25 Man-at-Arms
28:58 Two-Man Saw
28:14 Town Watch
29:46 Crop Rotation
29:40 Hand Cart
28:55 Long Swordsman
30:19 Elite Leitis
30:21 Two-Handed Swordsman
30:34 Elite Skirmisher
31:31 Champion
32:01 Halberdier
El Pollo
4:53 Loom
7:57 Feudal Age
8:43 Double-Bit Axe
8:40 Horse Collar
14:23 Castle Age
13:06 Gold Mining
13:17 Fletching
13:27 Padded Archer Armor
16:59 Bodkin Arrow
17:55 Heavy Plow
21:40 Crossbowman
24:38 Wheelbarrow
27:32 Imperial Age
27:39 Imperial Age
25:45 Ballistics
26:52 Padded Archer Armor
29:38 Chemistry
28:15 Arbalester
29:00 Thumb Ring
29:34 Bracer
29:50 Leather Archer Armor
30:42 Halberdier
34:52 Elite Skirmisher
Connection lost

Rejoining the realm…

Still unreachable

The connection could not be restored.

Session expired

The server has moved on; the page needs a fresh start.